 Dungeon Crawl Stone Soup version 0.30-a0-368-g86fb4627a9 (webtiles) character file.

Game seed: 12658675478880658910

60 RascalDebosk the Magician (level 4, -8/31 HPs)
             Began as a Djinni Earth Elementalist on Nov 19, 2022.
             Mangled by an ice beast (9 damage)
             ... on level 3 of the Dungeon.
             The game lasted 00:09:46 (1732 turns).

RascalDebosk the Magician (DjEE)                    Turns: 1732, Time: 00:09:47

Health: -8/31      AC:  2    Str:  7    XL:     4   Next: 24%
Gold:   21         EV: 12    Int: 19    God:
                   SH:  0    Dex: 13

rFire   + + .      SeeInvis .    b - +0 short sword
rCold   x . .      Faith    .    (no shield)
rNeg    . . .      Spirit   .    a - +0 robe
rPois   ∞          Reflect  .    (no helmet)
rElec   .          Harm     .    (no cloak)
rCorr   .          Rampage  .    (no gloves)
Will    .....                    (boots unavailable)
Stlth   ++........               (no amulet)
HPRegen 0.25/turn                (no ring)
MPRegen 0.00/turn                (no ring)

@: flying
A: sickness immunity, fire resistance 2, cold vulnerability 1, float, innate
caster, HP casting, extra vitality 1
a: no special abilities


You were on level 3 of the Dungeon.
You visited 1 branch of the dungeon, and saw 3 of its levels.

You collected 70 gold pieces.
You spent 49 gold pieces at shops.

Inventory:

Hand Weapons
 b - a +0 short sword (weapon)
Armour
 a - a +0 robe (worn)
 m - a +0 pair of gloves
Scrolls
 d - a scroll of vulnerability {unknown}
 f - 3 scrolls of identify {unknown}
 h - 3 scrolls of fear {unknown}
 k - a scroll of magic mapping {unknown}
 l - 2 scrolls of enchant weapon {unknown}
 o - a scroll of torment {unknown}
Potions
 c - 3 potions of curing {unknown}
 e - a potion of flight {unknown}
 g - a potion of attraction {unknown}
 i - a potion of resistance {unknown}
 j - a potion of lignification {unknown}
 n - 2 potions of ambrosia {unknown}
 p - a potion of heal wounds {unknown}


   Skills:
 - Level 2.1 Dodging
 - Level 1.5 Stealth
 * Level 3.7 Spellcasting


You couldn't memorise any spells.
You knew the following spells:

 Your Spells              Type           Power      Damage    Failure   Level
a - Sandblast             Erth           34%        2d9       3%          1
b - Passwall              Tmut/Erth      14%        N/A       4%          2
c - Stone Arrow           Conj/Erth      34%        3d9       9%          3
d - Petrify               Tmut/Erth      17%        N/A       30%         4
e - Foxfire               Conj/Fire      68%        2x1d7     3%          1
Your spell library was empty.

Dungeon Overview and Level Annotations

Branches:
Dungeon (3/15)

Altars:

Shops:
D:2 [


Innate Abilities, Weirdness & Mutations

You are immune to sickness and miasma.
You are immune to poison.
Your flesh is very heat resistant. (rF++)
You are vulnerable to cold. (rC-)
You float through the air rather than walking.
You learn spells naturally, not from books.
Your magical power is your life essence.
You have superior vitality. (+4 MHP)


Message History

There is an open door here.
Found a plate armour.
You see here a +0 plate armour.
There is an open door here.
There is an open door here.
Done exploring.
There is an open door here.
There is a stone staircase leading down here.
You fly downwards.
Found 3 stones.
There is a stone staircase leading up here.
You see here 3 stones.
You now have 21 gold pieces (gained 8).
An ice beast comes into view.
A dart slug comes into view.
The dart slug launches a dart at you. The slug dart misses you.
Aiming: Sandblast (safe; 3% risk of failure)
Press: ? - help, Q - select action, (/) - cycle Shift-Dir - straight line, f - dart slug
Aim: a dart slug (100% to hit)
The blast of sand hits the dart slug!
The dart slug is almost dead.
The dart slug launches a dart at you. The slug dart hits you.
Aiming: Sandblast (safe; 3% risk of failure)
Press: ? - help, Q - select action, (/) - cycle Shift-Dir - straight line, f/p - dart slug
Aim: a dart slug (almost dead, 100% to hit)
The blast of sand hits the dart slug!
You kill the dart slug!
You see here a dart slug corpse.
Casting: Sandblast (safe; 3% risk of failure)
Confirm with . or Enter, or press ? or * to list all spells.
The spell is extremely dangerous to miscast (30% risk of failure)!
Continue anyway?
Aiming: Petrify (extremely dangerous; 30% risk of failure)
Press: ? - help, Shift-Dir - straight line, f - ice beast
Aim: an ice beast (chance to affect: 50%)
The ice beast is moving more slowly.
Aiming: Sandblast (safe; 3% risk of failure)
Press: ? - help, Q - select action, (/) - cycle Shift-Dir - straight line, f/p - ice beast
Aim: an ice beast (petrifying slowly, 100% to hit)
The blast of sand hits the ice beast!
The ice beast is lightly wounded.
Aiming: Sandblast (safe; 3% risk of failure)
Press: ? - help, Q - select action, (/) - cycle Shift-Dir - straight line, f/p - ice beast
Aim: an ice beast (lightly wounded, petrifying slowly, 100% to hit)
The blast of sand hits the ice beast.
The ice beast is moderately wounded.
The ice beast stops moving altogether!
Aiming: Sandblast (safe; 3% risk of failure)
Press: ? - help, Q - select action, (/) - cycle Shift-Dir - straight line, f/p - ice beast
Aim: an ice beast (moderately wounded, petrified, 100% to hit)
The blast of sand hits the ice beast.
The ice beast is moderately wounded.
Aiming: Sandblast (safe; 3% risk of failure)
Press: ? - help, Q - select action, (/) - cycle Shift-Dir - straight line, f/p - ice beast
Aim: an ice beast (moderately wounded, petrified, 100% to hit)
The blast of sand hits the ice beast but does no damage.
The ice beast is moderately wounded.
Aiming: Sandblast (safe; 3% risk of failure)
Press: ? - help, Q - select action, (/) - cycle Shift-Dir - straight line, f/p - ice beast
Aim: an ice beast (moderately wounded, petrified, 100% to hit)
The blast of sand hits the ice beast!
The ice beast is heavily wounded.
Aiming: Sandblast (safe; 3% risk of failure)
Press: ? - help, Q - select action, (/) - cycle Shift-Dir - straight line, f/p - ice beast
Aim: an ice beast (heavily wounded, petrified, 100% to hit)
The blast of sand hits the ice beast but does no damage.
The ice beast is heavily wounded.
Aiming: Sandblast (safe; 3% risk of failure)
Press: ? - help, Q - select action, (/) - cycle Shift-Dir - straight line, f/p - ice beast
Aim: an ice beast (heavily wounded, petrified, 100% to hit)
The blast of sand hits the ice beast.
The ice beast is heavily wounded.
Aiming: Sandblast (safe; 3% risk of failure)
Press: ? - help, Q - select action, (/) - cycle Shift-Dir - straight line, f/p - ice beast
Aim: an ice beast (heavily wounded, petrified, 100% to hit)
The blast of sand hits the ice beast.
The ice beast is heavily wounded.
Aiming: Sandblast (safe; 3% risk of failure)
Press: ? - help, Q - select action, (/) - cycle Shift-Dir - straight line, f/p - ice beast
Aim: an ice beast (heavily wounded, petrified, 100% to hit)
The blast of sand hits the ice beast!
The ice beast is severely wounded.
The ice beast is no longer petrified.
The ice beast hits you.
* * * LOW HITPOINT WARNING * * *
The ice beast freezes you!
You feel a terrible chill!
* * * LOW HITPOINT WARNING * * *
Casting: Sandblast (safe; 3% risk of failure)
Confirm with . or Enter, or press ? or * to list all spells.
The spell is quite dangerous to miscast (9% risk of failure)!
Continue anyway?
Aiming: Stone Arrow (quite dangerous; 9% risk of failure)
Press: ? - help, Shift-Dir - straight line, f/p - ice beast
Aim: an ice beast (severely wounded, 68% to hit)
The stone arrow hits the ice beast.
The ice beast is almost dead.
* * * LOW HITPOINT WARNING * * *
The ice beast hits you.
* * * LOW HITPOINT WARNING * * *
The ice beast freezes you!
You feel a terrible chill!
You die...

.........#
........#
........#
.......#
########......#
..............#
...#...#......#
........Y@....#
...#...#......#
.......†+######
###############.#
........### #.#.#
.#..#..##.# #.#.#
.#..#..##.###.#.#
.#..#<(##.....#.#
.#.###.##.#####.#


You could see an ice beast.

Vanquished Creatures
  An adder (D:2)
  4 dart slugs
  4 endoplasms
  3 giant cockroaches
  3 goblins
  7 hobgoblins
  2 jackals (D:1)
  A quokka (D:2)
  A ball python (D:1)
  4 bats
  2 frilled lizards
  4 kobolds
  2 rats (D:1)
38 creatures vanquished.

Notes
Turn   | Place    | Note
-------+----------+-------------------------------------------
     0 | D:1      | RascalDebosk the Djinni Earth Elementalist began the quest
                  | for the Orb.
     0 | D:1      | RascalDebosk set off with the following spells memorised:
                  | Sandblast, Passwall, Stone Arrow, Petrify.
     0 | D:1      | Reached XP level 1. HP: 15/15 MP: 0/0
   132 | D:1      | Reached XP level 2. HP: 20/21 MP: 0/0
   247 | D:1      | Reached skill level 3 in Spellcasting
   342 | D:1      | Reached XP level 3. HP: 22/25 MP: 0/0
   342 | D:1      | Learned a level 1 spell: Foxfire
   624 | D:1      | Found a faded altar of an unknown god.
   705 | D:2      | Found Bely's Armour Emporium.
   715 | D:2      | Bought a +0 pair of gloves for 49 gold pieces
   915 | D:2      | Reached XP level 4. HP: 30/31 MP: 0/0
  1701 | D:3      | Noticed an ice beast
  1732 | D:3      | HP: 1/31 [ice beast (1)]
  1732 | D:3      | Mangled by an ice beast

Illustrated notes

Levels and vault maps discovered:
D:1:      nagdon_arrival_double_spiral, layout_basic,
          hellmonk_ecumenical_altar_leap_of_faith, minmay_misc_feat_diagonals
D:2:      wander_river, layout_loops_corners, serial_shops, shop,
          nicolae_figureground_sparkle
D:3:      layout_basic, lemuel_coloured_pillars_altar

Skill      XL: |  1  2 |
---------------+-------+-----
Spellcasting   | 3 |  3.7
Dodging        | |  2.1
Stealth        | |  1.5

Action                   |  1- 3 |  4- 6 || total
-------------------------+-------+-------++-------
Melee: Short sword       |     2 |       ||     2
 Cast: Sandblast         |    47 |    18 ||    65
       Stone Arrow       |       |     5 ||     5
       Petrify           |       |     1 ||     1
Armor: Robe              |     1 |       ||     1
Dodge: Dodged            |    12 |     2 ||    14

Table legend: (Time is in decaauts)
 A = Elapsed time spent in this place.
 B = Non-inter-level travel time spent in this place.
 C = Inter-level travel time spent in this place.
 D = Time resting spent in this place.
 E = Time spent auto-exploring this place.
 F = Levels seen in this place.
 G = Mean time per level.
                   A        B        C        D        E       F      G
               +--------+--------+--------+--------+--------+-----+--------+
         Total |   1763 |   1731 |     32 |     77 |   1357 |   3 |  587.7 |
       Dungeon |   1763 |   1731 |     32 |     77 |   1357 |   3 |  587.7 |
               +--------+--------+--------+--------+--------+-----+--------+

Top non-repeatable levels by time:
     D:2: 990 daAuts
     D:1: 657 daAuts
     D:3: 115 daAuts
